[Event "Titled Tuesday Blitz May 23 Early 2023"]
[White "Starozhilov, Leonid"]
[Black "HamedWafa4"]
[WhiteFideId "14106752"]
[WhiteElo "2352"]
[BlackElo "2625"]
[Result "1/2-1/2"]
[Round "11"]
[TimeControl "180+2"]
[Date "2023.05.23"]
[WhiteClock "0:02:37"]
[BlackClock "0:02:30"]

1. e4 e5 2. Nc3 Nf6 3. Nf3 Nc6 4. Bb5 Bb4 5. Bxc6 bxc6 6. d3 d6 7. h3 O-O 8. O-O Bxc3 9. bxc3 Re8 10. c4 c5 11. Nh2 Nd7 12. f4 exf4 13. Bxf4 Ne5 1/2-1/2


[Site "https://www.chess.com"]

[Event "Titled Tuesday Blitz May 23 Early 2023"]
[White "bubeliang"]
[Black "Prohaszka, Peter"]
[BlackFideId "726265"]
[WhiteElo "2624"]
[BlackElo "2626"]
[Result "1-0"]
[Round "11"]
[TimeControl "180+2"]
[Date "2023.05.23"]
[WhiteClock "0:00:02"]
[BlackClock "0:00:00"]

1. e4 c6 2. c4 d5 3. cxd5 cxd5 4. exd5 Nf6 5. Nc3 Nxd5 6. Nf3 Nc6 7. d4 Be6 8. Bb5 Qb6 9. O-O g6 10. a4 Bg7 11. a5 Nxc3 12. axb6 Nxd1 13. Bxc6+ bxc6 14. b7 Rb8 15. Rxa7 Bb3 16. Bf4 Kd7 17. Nd2 Bxd4 18. Nxb3 Bxa7 19. Rxd1+ Ke6 20. Na5 Bb6 21. Bxb8 Rxb8 22. Nxc6 Rxb7 23. Re1+ Kd6 24. Ne5 Bd4 25. Nxf7+ Kd5 26. Re2 Bf6 27. Nh6 Bxb2 28. g3 Bd4 29. Ng4 Ba7 30. Kg2 h5 31. Ne5 Rb6 32. Nf3 Kd6 33. h4 Kd7 34. Ne5+ Kc7 35. Nf3 Kd8 36. Ne5 Rf6 37. Ra2 Bd4 38. Nf3 Bb6 39. Ng5 Kd7 40. f4 Rc6 41. Re2 e6 42. Nf3 Bc7 43. Nd4 Rb6 44. Nf3 Ke7 45. Ne5 Bxe5 46. Rxe5 Kf6 47. Kh3 Rb1 48. Ra5 Rb3 49. Ra8 Rb7 50. Ra2 Kf5 51. Kg2 Rb5 52. Kh3 Ke4 53. Re2+ Kf5 54. Re1 Kf6 55. Re2 Rb3 56. Re1 Rb6 57. Re3 Ke7 58. Re2 Kd6 59. Rd2+ Ke7 60. Re2 Ra6 61. Re1 Ra7 62. Re3 Kd6 63. Re2 Kd5 64. Re1 Ra6 65. Re5+ Kd4 66. Rg5 Ke4 67. Rxg6 Kf3 68. Kh2 Ra2+ 69. Kh3 Ra1 70. Kh2 Ra2+ 71. Kh3 Rg2 72. Rg5 Kf2 73. f5 1-0


[Site "https://www.chess.com"]

[Event "Titled Tuesday Blitz May 23 Early 2023"]
[White "Shevtchenko, Olesya"]
[Black "Srihari L R"]
[WhiteFideId "24131890"]
[BlackFideId "46617116"]
[WhiteElo "2003"]
[BlackElo "2334"]
[Result "0-1"]
[Round "11"]
[TimeControl "180+2"]
[Date "2023.05.23"]
[WhiteClock "0:00:06"]
[BlackClock "0:00:19"]

1. e4 d6 2. d4 Nf6 3. Nc3 e5 4. Nf3 Nc6 5. Bb5 exd4 6. Nxd4 Bd7 7. O-O Be7 8. Re1 O-O 9. Bf1 Re8 10. h3 Nxd4 11. Qxd4 Bc6 12. Bf4 Nd7 13. a4 Bf6 14. Qd2 Be5 15. Be3 Bxc3 16. Qxc3 Rxe4 17. Bd4 Rxe1 18. Rxe1 Qg5 19. Re3 Ne5 20. Bxe5 dxe5 21. Rxe5 Qf6 22. a5 a6 23. Rc5 Qxc3 24. Rxc3 Re8 25. Bxa6 Re1+ 26. Kh2 Ra1 27. b4 g6 28. Bd3 Rb1 29. Rb3 Ra1 30. Rb2 h5 31. h4 Bd7 32. b5 Rxa5 33. b6 cxb6 34. Rxb6 Bc6 35. Rb4 Kg7 36. Rd4 Rc5 37. Kg3 Kf6 38. Rf4+ Ke7 39. Bc4 f6 40. Bd3 g5 41. Rd4 gxh4+ 42. Kxh4 Bxg2 43. Be4 Bxe4 44. Rxe4+ Kf7 45. Rb4 b5 46. Rb1 Kg6 47. Rg1+ Kh6 48. Rb1 Rc4+ 49. Kg3 b4 50. f3 Kg5 51. Kh3 Kf4 52. Rb3 Rxc2 53. Rxb4+ Kxf3 54. Rb5 Kf4 55. Rxh5 f5 56. Rh8 Kf3 57. Re8 f4 58. Rg8 Ke3 59. Re8+ Kf2 60. Rf8 f3 61. Re8 Kf1 62. Kg3 f2 63. Kh2 Rc7 64. Re6 Rh7+ 65. Kg3 Kg1 66. Rg6 f1=Q 67. Kg4 Kg2 68. Kg5 Kg3 69. Rf6 Rg7+ 70. Kh5 Qh3# 0-1


[Site "https://www.chess.com"]

[Event "Titled Tuesday Blitz May 23 Early 2023"]
[White "Zhigalko, Sergei"]
[Black "Fantinel, Thibault"]
[WhiteFideId "13502956"]
[BlackFideId "663395"]
[WhiteElo "2626"]
[BlackElo "2316"]
[Result "1/2-1/2"]
[Round "11"]
[TimeControl "180+2"]
[Date "2023.05.23"]
[WhiteClock "0:00:05"]
[BlackClock "0:00:03"]

1. e4 c5 2. c3 Nf6 3. e5 Nd5 4. Nf3 e6 5. Bc4 d6 6. d4 cxd4 7. cxd4 Be7 8. O-O O-O 9. Bd2 b6 10. Qe2 Bb7 11. Nc3 Nxc3 12. Bxc3 Nd7 13. Rfe1 Rc8 14. Bd3 Qc7 15. Rad1 Bd5 16. Nd2 dxe5 17. dxe5 Nc5 18. Bc2 Rfd8 19. h4 Qc6 20. Qg4 Bf8 21. h5 b5 22. Re3 Na4 23. Ne4 Bxe4 24. Rxd8 Bxc2 25. Rxc8 Qxc8 26. Rg3 Bf5 27. Qd4 Nxc3 28. Rxc3 Qb7 29. Qd8 Qb6 30. Qe8 Qd4 31. Rc1 Qxe5 32. Rc8 Qd6 33. Rd8 Qc5 34. Rc8 Qb4 35. a3 Qd6 36. Rd8 Qc5 37. b4 Qc1+ 38. Kh2 Qf4+ 39. Kh1 Qc1+ 40. Kh2 Qf4+ 41. Kg1 Qc1+ 42. Kh2 1/2-1/2


[Site "https://www.chess.com"]

[Event "Titled Tuesday Blitz May 23 Early 2023"]
[White "Thecourseoisildur"]
[Black "Siva Mahadevan"]
[BlackFideId "25043153"]
[WhiteElo "2588"]
[BlackElo "2249"]
[Result "1-0"]
[Round "11"]
[TimeControl "180+2"]
[Date "2023.05.23"]
[WhiteClock "0:00:02"]
[BlackClock "0:01:21"]

1. e4 c5 2. Nf3 Nc6 3. Bb5 Na5 4. O-O a6 5. Be2 b5 6. d4 cxd4 7. Nxd4 Bb7 8. Nc3 e6 9. a3 Nf6 10. e5 Nd5 11. Ne4 Qc7 12. f4 Nc4 13. Bxc4 bxc4 14. c3 Be7 15. Qh5 g6 16. Qh6 Bf8 17. Qh4 Be7 18. Qh6 O-O-O 19. a4 f6 20. exf6 Nxf6 21. Nxf6 Bxf6 22. Be3 Rdf8 23. a5 Qc5 24. Qh3 Qh5 25. Qxh5 gxh5 26. Ra4 Bd5 27. Rb4 Rhg8 28. Rf2 Bh4 29. Rd2 Bd8 30. Ra4 Bc7 31. Rf2 h4 32. Ne2 h3 33. g3 h5 34. Bc5 Rf7 35. Bb6 Bd6 36. Ra1 h4 37. Rd1 Kb7 38. Bd4 Bb8 39. Be5 d6 40. Bd4 Kc6 41. Be3 e5 42. fxe5 dxe5 43. Rxd5 Kxd5 44. Rxf7 Ke4 45. Kf2 Kd3 46. Rd7+ Kc2 47. Rd2+ Kb3 48. Nc1+ Ka4 49. gxh4 e4 50. Rd4 Rg2+ 51. Kf1 Bxh2 52. Rxc4+ Kxa5 53. Rb4 Bc7 54. Nb3# 1-0


[Site "https://www.chess.com"]

[Event "Titled Tuesday Blitz May 23 Early 2023"]
[White "Fier, Alexandr"]
[Black "Kiremitciyan, Ari"]
[WhiteFideId "2107139"]
[BlackFideId "6373445"]
[WhiteElo "2610"]
[BlackElo "2181"]
[Result "1-0"]
[Round "11"]
[TimeControl "180+2"]
[Date "2023.05.23"]
[WhiteClock "0:02:32"]
[BlackClock "0:00:00"]

1. e4 e5 2. f4 exf4 3. Nf3 Nf6 4. e5 Nh5 5. Qe2 g6 6. d4 Be7 7. Nc3 d5 8. Bd2 Be6 9. O-O-O Nd7 10. Qf2 c5 11. g3 fxg3 12. hxg3 c4 13. g4 Bxg4 14. Nxd5 b5 15. Nxe7 Qxe7 16. Bg5 Qb4 17. c3 Qa4 18. Rh4 Bf5 19. Rxh5 gxh5 20. Nh4 Be4 21. Bg2 Bxg2 22. Qxg2 Rc8 23. e6 fxe6 24. Re1 Nf8 25. Qb7 1-0


[Site "https://www.chess.com"]

[Event "Titled Tuesday Blitz May 23 Early 2023"]
[White "Ilamparthi A R"]
[Black "robertoalejandro10"]
[WhiteFideId "45015775"]
[WhiteElo "2348"]
[BlackElo "2571"]
[Result "1-0"]
[Round "11"]
[TimeControl "180+2"]
[Date "2023.05.23"]
[WhiteClock "0:00:28"]
[BlackClock "0:00:00"]

1. e4 c5 2. Nf3 g6 3. d3 Bg7 4. g3 Nc6 5. Bg2 Nf6 6. O-O O-O 7. Re1 b6 8. c3 Bb7 9. Nbd2 d6 10. Nc4 d5 11. exd5 Nxd5 12. h4 Nf6 13. a4 Rb8 14. Bf4 Rc8 15. Nfe5 h5 16. a5 b5 17. a6 Ba8 18. Nxc6 Bxc6 19. Bxc6 Rxc6 20. Ne5 Rd6 21. Qb3 Rb6 22. Rad1 Qd5 23. Qc2 Rxa6 24. c4 Qb7 25. Qb3 Rb6 26. cxb5 Rxb5 27. Qc4 Rxb2 28. Nxg6 e6 29. Nxf8 Bxf8 30. Be5 Rb4 31. Qc1 Bg7 32. Qxc5 Nd5 33. Bxg7 Kxg7 34. Qd6 Rg4 35. Qe5+ Kg6 36. Re4 Nf6 37. Rxg4+ Nxg4 38. Qg5+ Kh7 39. Qxh5+ Nh6 40. Rc1 Qa6 41. Rc7 Qa1+ 42. Kg2 Qf6 43. Rxa7 Kg7 44. Qg5+ Qxg5 45. hxg5 Nf5 46. f4 Nd4 47. Kf2 Nb5 48. Rd7 Kg6 49. Kf3 Kg7 50. d4 Kf8 51. d5 exd5 52. Rxd5 Nc7 53. Rd3 Ne6 54. Kg4 Kg7 55. f5 Nc5 56. Rd5 Ne4 57. Kf4 Nf2 58. Rd7 Nh3+ 59. Kg4 Nf2+ 60. Kh5 Ne4 61. f6+ Kg8 62. Kh6 1-0


[Site "https://www.chess.com"]

[Event "Titled Tuesday Blitz May 23 Early 2023"]
[White "Zemlyanskii, Ivan"]
[Black "Garv Gaur"]
[WhiteFideId "24249971"]
[BlackFideId "45030839"]
[WhiteElo "2421"]
[BlackElo "2068"]
[Result "1-0"]
[Round "11"]
[TimeControl "180+2"]
[Date "2023.05.23"]
[WhiteClock "0:00:24"]
[BlackClock "0:00:00"]

1. d4 Nf6 2. c4 e6 3. Bf4 b6 4. Nc3 Bb7 5. e3 d5 6. Nf3 Bd6 7. Bg5 h6 8. Bh4 Be7 9. Qa4+ Nbd7 10. cxd5 Nxd5 11. Bxe7 Qxe7 12. Bb5 a6 13. Nxd5 Bxd5 14. Bc6 b5 15. Qc2 Bxc6 16. Qxc6 O-O 17. O-O Nb6 18. Rac1 Rac8 19. Ne5 Qb4 20. Rc2 Rfd8 21. Rfc1 Qa5 22. Qf3 Rf8 23. b3 Nd5 24. h4 b4 25. Nc6 Qb6 26. e4 1-0


[Site "https://www.chess.com"]

[Event "Titled Tuesday Blitz May 23 Early 2023"]
[White "Han, Yichen"]
[Black "Ioannidis, Evgenios"]
[WhiteFideId "1054430"]
[BlackFideId "4229274"]
[WhiteElo "2342"]
[BlackElo "2386"]
[Result "1/2-1/2"]
[Round "11"]
[TimeControl "180+2"]
[Date "2023.05.23"]
[WhiteClock "0:00:04"]
[BlackClock "0:00:18"]

1. d4 Nf6 2. c4 e6 3. Nc3 Bb4 4. e3 d5 5. Nf3 O-O 6. Bd2 Nbd7 7. Qc2 b6 8. a3 Bxc3 9. Bxc3 Ne4 10. Bd3 f5 11. b4 a5 12. O-O Bb7 13. c5 c6 14. Rfb1 b5 15. a4 axb4 16. Bxb4 bxa4 17. Rxa4 Rxa4 18. Qxa4 Qa8 19. Qa5 Rb8 20. Be1 Bc8 21. Qxa8 Rxa8 22. h4 Kf7 23. Bxe4 dxe4 24. Ng5+ Ke7 25. Nxh7 Ra2 26. Ng5 Ba6 27. Bc3 Rc2 28. Ba5 Nf6 29. Bc7 Ng4 30. Bd6+ Kd7 31. Bg3 Ra2 32. Nf7 Bd3 33. Rb7+ Kc8 34. Nd6+ Kd8 35. Nf7+ Ke8 36. Nd6+ Kf8 37. Rb8+ Ke7 38. Rb7+ Kf8 39. Rb8+ Ke7 40. Rb7+ Kd8 41. Rb8+ Kd7 42. Rb7+ Kd8 1/2-1/2


[Site "https://www.chess.com"]

[Event "Titled Tuesday Blitz May 23 Early 2023"]
[White "Martinez Ramirez, Lennis"]
[Black "Ibadov, Dashgyn"]
[WhiteFideId "3509079"]
[BlackFideId "24107514"]
[WhiteElo "2410"]
[BlackElo "2208"]
[Result "1-0"]
[Round "11"]
[TimeControl "180+2"]
[Date "2023.05.23"]
[WhiteClock "0:01:51"]
[BlackClock "0:00:00"]

1. d4 Nf6 2. c4 c5 3. d5 d6 4. Nc3 g6 5. e4 Bg7 6. Nf3 O-O 7. h3 e6 8. Bd3 exd5 9. cxd5 Re8 10. O-O Nbd7 11. Bf4 c4 12. Bc2 Nc5 13. Re1 b5 14. a3 Qb6 15. Nd4 Bd7 16. Nc6 Bxc6 17. dxc6 Qxc6 18. Qxd6 Qxd6 19. Bxd6 Nb7 20. Nxb5 a6 21. Nc7 Nxd6 22. Nxa8 Nd7 23. Nc7 Rc8 24. Nd5 Kf8 25. Rab1 Nc5 26. f3 Rb8 27. Nc3 Nb5 28. Nxb5 axb5 29. e5 b4 30. axb4 Rxb4 31. g3 h5 32. h4 Ne6 33. f4 Nd4 34. Be4 Kg8 35. Rbd1 Ne6 36. Re2 Kf8 37. Bd5 Kg8 38. Bxe6 fxe6 39. Rd6 Kf7 40. Rd7+ Kg8 41. Rc7 Bf8 42. Rc2 Rb3 43. Kg2 1-0


[Site "https://www.chess.com"]

[Event "Titled Tuesday Blitz May 23 Early 2023"]
[White "MKlose11"]
[Black "Gontcharov, Vladislav"]
[BlackFideId "4123492"]
[WhiteElo "2678"]
[BlackElo "2420"]
[Result "1/2-1/2"]
[Round "11"]
[TimeControl "180+2"]
[Date "2023.05.23"]
[WhiteClock "0:00:45"]
[BlackClock "0:00:17"]

1. e4 e6 2. Nf3 d5 3. e5 c5 4. b4 cxb4 5. a3 b3 6. cxb3 Nc6 7. d4 Nge7 8. Bd3 Nf5 9. Bb2 Nh4 10. O-O Nxf3+ 11. Qxf3 Bd7 12. Nd2 Qb6 13. Qg4 h5 14. Qf4 Be7 15. b4 g5 16. Qe3 Nd8 17. f4 gxf4 18. Qxf4 Bb5 19. Rf3 Bxd3 20. Rxd3 Rc8 21. Nb3 Qb5 22. Rf3 b6 23. Raf1 h4 24. Qg4 Rf8 25. Bc1 Kd7 26. Bh6 Re8 27. Qh5 Qe2 28. Bg5 Rc2 29. R1f2 Qd1+ 30. Rf1 Qe2 31. R1f2 Qd1+ 32. Rf1 Qe2 1/2-1/2


[Site "https://www.chess.com"]

[Event "Titled Tuesday Blitz May 23 Early 2023"]
[White "Shuvalov, Evgenij"]
[Black "Domingo Nunez, Ruben"]
[WhiteFideId "4187237"]
[BlackFideId "22245570"]
[WhiteElo "2080"]
[BlackElo "2404"]
[Result "1/2-1/2"]
[Round "11"]
[TimeControl "180+2"]
[Date "2023.05.23"]
[WhiteClock "0:00:06"]
[BlackClock "0:00:13"]

1. d4 g6 2. c4 Bg7 3. e4 d6 4. Nc3 Nd7 5. Nf3 e5 6. Be2 Ngf6 7. O-O O-O 8. Be3 Ng4 9. Bg5 Ngf6 10. d5 a5 11. Nd2 h6 12. Be3 Nc5 13. a3 Bd7 14. b4 Na6 15. Rb1 axb4 16. axb4 Ne8 17. c5 f5 18. f3 f4 19. Bf2 g5 20. Nc4 Rf6 21. Na5 Qc8 22. c6 bxc6 23. dxc6 Be6 24. Nd5 Rf7 25. Bc4 Nxb4 26. Rxb4 Rxa5 27. Qb3 Ra8 28. Rb1 Kh7 29. Rb8 Rxb8 30. Qxb8 Rf8 31. Qxc8 Bxc8 32. Ne7 Nf6 33. Nxc8 Rxc8 34. Rb7 Ne8 35. Ba7 d5 36. Bxd5 Ra8 37. Bc5 Kg6 38. Be6 Ra5 39. Be7 Bf6 40. Bd7 Bxe7 41. Bxe8+ Kf6 42. Rxc7 Ra2 43. Kf1 Bc5 44. Rc8 Rf2+ 45. Ke1 Rxg2 46. c7 Bb6 47. Bh5 Bxc7 48. Rxc7 Rxh2 49. Bg4 h5 50. Bf5 g4 51. Rc6+ Kg5 52. Rg6+ Kh4 53. fxg4 Rh1+ 54. Kf2 Rh2+ 55. Kg1 Rb2 56. gxh5 Kxh5 57. Rg8 Kh4 58. Kf1 Ra2 59. Re8 Ra5 60. Rg8 Ra2 61. Ke1 Rb2 62. Rg7 Ra2 63. Kf1 Rb2 64. Rg2 Rb1+ 65. Kf2 Rb2+ 66. Kg1 Rb1+ 67. Kh2 Ra1 68. Rg4+ Kh5 69. Rg2 Kh4 70. Rd2 Ra3 71. Kg2 Ra5 72. Kf2 Rb5 73. Rd3 Rb2+ 74. Kf3 Ra2 75. Rd5 Ra3+ 76. Kf2 Ra2+ 77. Kf3 Ra3+ 78. Ke2 Kg3 79. Rd3+ f3+ 80. Kd2 Rxd3+ 81. Kxd3 f2 82. Ke2 Kg2 83. Bh3+ Kxh3 84. Kxf2 Kg4 85. Kg2 Kf4 86. Kf2 Kxe4 87. Ke2 Kd4 88. Kd2 Kc4 89. Ke3 Kd5 90. Kd3 e4+ 91. Ke3 Ke5 92. Ke2 Kd4 93. Kd2 e3+ 94. Ke2 Ke4 95. Ke1 Kf4 96. Ke2 Kf5 97. Kxe3 1/2-1/2


[Site "https://www.chess.com"]

[Event "Titled Tuesday Blitz May 23 Early 2023"]
[White "gueraumasague"]
[Black "Simonian, Hrair"]
[BlackFideId "13302337"]
[WhiteElo "2557"]
[BlackElo "2447"]
[Result "0-1"]
[Round "11"]
[TimeControl "180+2"]
[Date "2023.05.23"]
[WhiteClock "0:00:00"]
[BlackClock "0:00:28"]

1. e4 c5 2. Nc3 Nc6 3. Bb5 Nd4 4. Nf3 a6 5. Bd3 g6 6. O-O Bg7 7. Nxd4 cxd4 8. Ne2 d5 9. exd5 Qxd5 10. c4 Qd6 11. Ng3 Nh6 12. Be4 O-O 13. d3 f5 14. Bf3 e5 15. b4 Qxb4 16. Bd5+ Kh8 17. a4 Qa5 18. Rb1 Qc7 19. f4 Ng4 20. Qf3 Rb8 21. Re1 Ne3 22. Bxe3 dxe3 23. Ne2 exf4 24. Nxf4 g5 25. Ne6 Bxe6 26. Bxe6 g4 27. Qd5 g3 28. h3 Qe5 29. Rxb7 Rxb7 30. Qxb7 Qxe6 31. Qf3 Re8 32. Qe2 f4 33. Rf1 Qd6 0-1


[Site "https://www.chess.com"]

[Event "Titled Tuesday Blitz May 23 Early 2023"]
[White "Gheorghiu, Calin"]
[Black "Filipascu"]
[WhiteFideId "1200305"]
[WhiteElo "2223"]
[BlackElo "2553"]
[Result "0-1"]
[Round "11"]
[TimeControl "180+2"]
[Date "2023.05.23"]
[WhiteClock "0:00:04"]
[BlackClock "0:00:45"]

1. e4 c5 2. Nf3 e6 3. g3 Nc6 4. Bg2 e5 5. O-O Nf6 6. c3 Be7 7. Re1 O-O 8. d4 cxd4 9. cxd4 d6 10. h3 exd4 11. Nxd4 Nxd4 12. Qxd4 Be6 13. Nc3 Qd7 14. Kh2 Rfd8 15. Be3 a6 16. Rad1 Rac8 17. f4 Qe8 18. Qd2 h6 19. f5 Bc4 20. b3 Bb5 21. a4 Bc6 22. Bb6 Rd7 23. Bd4 Qd8 24. Nd5 Bxd5 25. exd5 Nh7 26. Rc1 Rxc1 27. Rxc1 Bg5 28. Be3 Bxe3 29. Qxe3 Nf6 30. Qc3 Qe7 31. Re1 Qd8 32. Rc1 Kh7 33. Qc8 Qe7 34. Qb8 Qe5 35. Rc8 Qxf5 36. Rh8+ Kg6 37. Qc8 Re7 38. Qc4 Re1 39. Qc3 Qf2 40. Qd3+ Kg5 41. h4+ Kh5 42. Kh3 Ng4 43. Rxh6+ gxh6 0-1


[Site "https://www.chess.com"]

[Event "Titled Tuesday Blitz May 23 Early 2023"]
[White "Bagwe Gaurang"]
[Black "Ilkhomi, Jaloliddin"]
[WhiteFideId "45039895"]
[BlackFideId "14700948"]
[WhiteElo "1847"]
[BlackElo "2045"]
[Result "0-1"]
[Round "11"]
[TimeControl "180+2"]
[Date "2023.05.23"]
[WhiteClock "0:00:00"]
[BlackClock "0:01:46"]

1. e4 e6 2. d4 d5 3. Nd2 Nf6 4. e5 Nfd7 5. Bd3 c5 6. c3 Nc6 7. Ne2 cxd4 8. cxd4 f6 9. exf6 Qxf6 10. O-O Bd6 11. Nf3 h6 12. Re1 O-O 13. Bc2 Rf7 14. Qd3 Nf8 15. a3 Rc7 16. Ng3 Bd7 17. Bd2 Rac8 18. Rac1 Be8 19. Qe3 Bg6 20. Bxg6 Qxg6 21. b4 a6 22. h4 Qf6 23. h5 Ne7 24. Ne5 Nf5 25. Nxf5 Qxf5 26. Rcd1 Bxe5 27. Qxe5 Qxe5 28. Rxe5 Rc2 29. Bf4 Ra2 30. Re3 Rcc2 31. Bg3 Rd2 32. Rc1 Rac2 33. Rxc2 Rxc2 34. Bd6 Rc6 35. Bxf8 Kxf8 36. f4 Kf7 37. g3 Rc2 38. Rb3 Rd2 39. b5 a5 40. b6 Rxd4 41. Rc3 Rc4 42. Rb3 Rc5 43. a4 Rc4 44. Rb5 Rxa4 45. Rc5 Rc4 46. Rxa5 Rc6 47. Rb5 Kf6 48. Kf2 Kf5 49. Kf3 Rc3+ 50. Kf2 Kg4 51. Rb2 Rf3+ 52. Ke2 Rxg3 53. Rb4 Rc3 54. Ra4 Rc6 55. Rb4 Kxh5 56. Ke3 Kg4 57. Rb2 Kf5 58. Kd4 Rc4+ 59. Kd3 Kxf4 60. Re2 Kf5 61. Rf2+ Rf4 62. Rc2 Rb4 63. Rc7 Rxb6 64. Rxg7 h5 65. Rh7 Kg4 66. Rg7+ Kf4 67. Rh7 e5 68. Rxh5 Rb3+ 69. Kc2 Rb5 70. Kd2 d4 71. Rh4+ Kf3 72. Rh3+ Ke4 73. Rh4+ Kd5 74. Rh5 Rb2+ 75. Kd3 b5 76. Rxe5+ Kd6 77. Rh5 Rb4 78. Rg5 Kc6 79. Rh5 Kb6 80. Rg5 Rc4 81. Rg1 Ka5 82. Ra1+ Ra4 83. Rb1 Ra3+ 84. Kxd4 b4 85. Kc4 Rc3+ 86. Kd4 Ka4 87. Rb2 Ka3 88. Rb1 Rc2 89. Kd3 b3 90. Rf1 Rc7 91. Rh1 b2 0-1


[Site "https://www.chess.com"]

[Event "Titled Tuesday Blitz May 23 Early 2023"]
[White "Martic, Ivan"]
[Black "Kleiman, Jake"]
[WhiteFideId "929301"]
[BlackFideId "2020041"]
[WhiteElo "2360"]
[BlackElo "2636"]
[Result "1-0"]
[Round "11"]
[TimeControl "180+2"]
[Date "2023.05.23"]
[WhiteClock "0:00:47"]
[BlackClock "0:00:06"]

1. d4 Nf6 2. Bg5 Ne4 3. Bf4 Nc6 4. f3 Nf6 5. c3 d6 6. d5 e5 7. Bg5 Nb8 8. e4 Be7 9. Be3 O-O 10. Bd3 Nh5 11. Ne2 Bg5 12. Bf2 c6 13. c4 Na6 14. Nbc3 Nc5 15. Bc2 a5 16. O-O Kh8 17. b3 Qe7 18. a3 Nf4 19. Nxf4 Bxf4 20. b4 axb4 21. axb4 Rxa1 22. Qxa1 Na6 23. Qa3 g6 24. c5 Rd8 25. Bd3 Nc7 26. cxd6 Qxd6 27. Bc5 Qf6 28. b5 Qh4 29. g3 Bxg3 30. hxg3 Qxg3+ 31. Kh1 Bh3 32. Qb2 Bxf1 33. Bxf1 cxd5 34. exd5 Nxd5 35. Ne4 Qxf3+ 36. Bg2 Qd1+ 37. Bg1 Qh5+ 38. Bh2 Nf4 39. Nf2 Qf5 40. Be4 Qh5 41. Kg1 b6 42. Bxf4 f6 43. Bg3 Rd4 44. Qa3 Qg5 45. Qf8# 1-0


[Site "https://www.chess.com"]

[Event "Titled Tuesday Blitz May 23 Early 2023"]
[White "Mazarini41"]
[Black "Sielecki, Christof"]
[BlackFideId "4620437"]
[WhiteElo "2505"]
[BlackElo "2443"]
[Result "1-0"]
[Round "11"]
[TimeControl "180+2"]
[Date "2023.05.23"]
[WhiteClock "0:00:06"]
[BlackClock "0:00:08"]

1. d4 d5 2. c4 e6 3. Nf3 Nf6 4. g3 dxc4 5. Bg2 c5 6. O-O Nc6 7. Ne5 Bd7 8. Na3 cxd4 9. Naxc4 Be7 10. Qb3 Qc7 11. Bf4 Nh5 12. Nxc6 Nxf4 13. Nxe7 Nxg2 14. Rac1 Nf4 15. gxf4 Qxf4 16. Qb4 Qg5+ 17. Kh1 Qxe7 18. Nd6+ Kf8 19. Qxd4 Bc6+ 20. f3 Rd8 21. Rfd1 h5 22. Qxa7 Kg8 23. Nc4 Kh7 24. Qe3 Rxd1+ 25. Rxd1 Rd8 26. Rxd8 Qxd8 27. Ne5 Be8 28. Qe4+ g6 29. Kg2 b5 30. Qd3 Qc7 31. Qd4 Qc2 32. Kf2 b4 33. Nd3 b3 34. axb3 Qxb3 35. Qf6 Qb7 36. Qd4 Bb5 37. Ne5 Ba6 38. Qf4 Kg7 39. Qd4 Kh7 40. Qf4 Kg7 41. Qd4 f6 42. Nd7 e5 43. Qd6 Qa7+ 44. Kg2 Qe3 45. Qxf6+ Kh6 46. Qh8+ Kg5 47. Qxe5+ Qxe5 48. Nxe5 Kf5 49. Nd7 Bxe2 50. Kf2 Bc4 51. Nc5 g5 52. b4 g4 53. fxg4+ Kxg4 54. Ne4 Kh3 55. Kg1 h4 56. Nd6 Be6 57. b5 Bd5 58. b6 Kg4 59. b7 Bxb7 60. Nxb7 Kf3 61. Nd6 h3 62. Nf5 Ke2 63. Nd4+ Ke3 64. Ne6 Kf3 65. Kf1 Kg4 66. Kf2 Kf5 67. Nd4+ Kg4 68. Ne2 Kh4 69. Kf3 Kg5 70. Kg3 1-0


[Site "https://www.chess.com"]

[Event "Titled Tuesday Blitz May 23 Early 2023"]
[White "Garakov, Mikhael"]
[Black "brm72"]
[WhiteFideId "4169034"]
[WhiteElo "2347"]
[BlackElo "2609"]
[Result "1-0"]
[Round "11"]
[TimeControl "180+2"]
[Date "2023.05.23"]
[WhiteClock "0:00:57"]
[BlackClock "0:01:15"]

1. e4 c5 2. Nf3 d6 3. d4 cxd4 4. Nxd4 Nf6 5. Nc3 a6 6. f4 e6 7. Be3 Be7 8. Qf3 Nbd7 9. g4 h6 10. O-O-O Qc7 11. h4 b5 12. g5 Ng8 13. g6 Ngf6 14. gxf7+ Kxf7 15. Rg1 Nc5 16. e5 Bb7 17. Qg3 Ne8 18. Qg6+ Kf8 19. f5 dxe5 20. Nxe6+ Nxe6 21. fxe6 Bf6 22. Rd7 1-0


[Site "https://www.chess.com"]

[Event "Titled Tuesday Blitz May 23 Early 2023"]
[White "Senft, Sean"]
[Black "Iskusnyh, Sergei"]
[WhiteFideId "2044960"]
[BlackFideId "4120027"]
[WhiteElo "1989"]
[BlackElo "2492"]
[Result "0-1"]
[Round "11"]
[TimeControl "180+2"]
[Date "2023.05.23"]
[WhiteClock "0:00:00"]
[BlackClock "0:00:29"]

1. d4 d5 2. c4 c6 3. Nc3 Nf6 4. Nf3 a6 5. cxd5 cxd5 6. Bf4 Nc6 7. e3 Bg4 8. Bd3 e6 9. O-O Bd6 10. Bg3 O-O 11. Rc1 Rc8 12. Bb1 Qe7 13. a3 Bxg3 14. hxg3 Na5 15. Ba2 Nc4 16. Bxc4 Rxc4 17. Qd3 Bxf3 18. gxf3 Rfc8 19. Kg2 b5 20. Rh1 g6 21. Qd2 Ne8 22. Rh2 Nf6 23. g4 h5 24. gxh5 Nxh5 25. Rg1 Qf6 26. Qe2 Kf8 27. Rd1 Ke7 28. Qd3 Ng7 29. Kf1 Nf5 30. Ke2 Nd6 31. Rdh1 R4c7 32. Rh7 Nc4 33. Qb1 Nd6 34. R7h2 Qf5 35. Qxf5 Nxf5 36. Rh7 Nd6 37. Rg7 Kf6 38. Rhh7 Rf8 0-1


[Site "https://www.chess.com"]

[Event "Titled Tuesday Blitz May 23 Early 2023"]
[White "Fiorito, Joaquin"]
[Black "Bashkansky, Ethan"]
[WhiteFideId "180173"]
[BlackFideId "2071533"]
[WhiteElo "2157"]
[BlackElo "2349"]
[Result "1-0"]
[Round "11"]
[TimeControl "180+2"]
[Date "2023.05.23"]
[WhiteClock "0:00:05"]
[BlackClock "0:00:03"]

1. d4 f5 2. c4 Nf6 3. Nc3 g6 4. Nf3 Bg7 5. h3 d6 6. Bf4 O-O 7. e3 Nh5 8. Bh2 Nc6 9. Be2 a6 10. O-O e5 11. c5 e4 12. Bc4+ Kh8 13. Nd2 Na5 14. Be2 dxc5 15. dxc5 Be6 16. Qc2 Nf6 17. Rfd1 Qe7 18. b4 Nc6 19. a3 Bg8 20. Nc4 Rfd8 21. Rab1 Nd5 22. Nxd5 Rxd5 23. Rxd5 Bxd5 24. Rd1 Bxc4 25. Bxc4 Rd8 26. Rxd8+ Qxd8 27. Bg3 Ne5 28. Bxe5 Bxe5 29. g3 Kg7 30. h4 h6 31. Be2 c6 32. h5 g5 33. Bc4 Bf6 34. Be6 Qd3 35. Qa4 f4 36. gxf4 gxf4 37. Qa5 Qd1+ 38. Kg2 f3+ 39. Kh2 Be5+ 40. Kh3 Qh1+ 41. Kg4 Qg2+ 42. Kf5 Qg5+ 43. Kxe4 Kf6 44. Bc8 Qh4+ 45. Kd3 Qxh5 46. Qd8+ Kg6 47. Be6 Qg5 48. Qe8+ Kh7 49. Qf7+ Qg7 50. Bf5+ Kh8 51. Qe8+ Qg8 52. Qxe5+ Qg7 53. Qxg7+ Kxg7 54. Ke4 1-0


[Site "https://www.chess.com"]

[Event "Titled Tuesday Blitz May 23 Early 2023"]
[White "Stribuk, Artiom"]
[Black "Devaev, Alexander"]
[WhiteFideId "13515659"]
[BlackFideId "4169395"]
[WhiteElo "2303"]
[BlackElo "2172"]
[Result "1-0"]
[Round "11"]
[TimeControl "180+2"]
[Date "2023.05.23"]
[WhiteClock "0:00:22"]
[BlackClock "0:00:08"]

1. d4 Nf6 2. c4 e6 3. g3 c5 4. Nf3 cxd4 5. Nxd4 Nc6 6. Bg2 Be7 7. O-O O-O 8. Nc3 Ne5 9. b3 d6 10. Bb2 a6 11. e4 Qc7 12. Qe2 Re8 13. f4 Ng6 14. Kh1 Bf8 15. Rae1 Nd7 16. h4 Be7 17. h5 Ngf8 18. h6 g6 19. e5 Rb8 20. f5 Nxe5 21. fxe6 fxe6 22. Ne4 b6 23. Qf2 Bb7 24. Nb5 axb5 25. Bxe5 Bd8 26. Bxd6 Qd7 27. Qxf8+ Rxf8 28. Rxf8# 1-0


[Site "https://www.chess.com"]

[Event "Titled Tuesday Blitz May 23 Early 2023"]
[White "Tokman, Ariel"]
[Black "Harsh Suresh"]
[WhiteFideId "117420"]
[BlackFideId "45018464"]
[WhiteElo "2263"]
[BlackElo "2209"]
[Result "0-1"]
[Round "11"]
[TimeControl "180+2"]
[Date "2023.05.23"]
[WhiteClock "0:00:02"]
[BlackClock "0:00:19"]

1. c4 e5 2. g3 Nf6 3. Bg2 Be7 4. Nc3 O-O 5. Nf3 d6 6. d3 c6 7. O-O Re8 8. Rb1 a5 9. a3 h6 10. b4 axb4 11. axb4 Bf5 12. Qc2 Nbd7 13. e4 Be6 14. h3 d5 15. cxd5 cxd5 16. exd5 Nxd5 17. Nxd5 Bxd5 18. Be3 Bd6 19. Rfe1 Qe7 20. Qd2 Ra2 21. Rb2 Rxb2 22. Qxb2 Bxb4 23. Rb1 Ba3 24. Qb5 Bc6 25. Qb3 Bc5 26. Re1 Bxe3 27. Rxe3 Qe6 28. Qb2 Qd6 29. Qe2 b5 30. Qb2 b4 31. d4 e4 32. Nd2 f5 33. Nc4 Qf8 34. Rb3 Rb8 35. Bf1 Bd5 36. Re3 Qf7 37. Nd6 Qe6 0-1


[Site "https://www.chess.com"]